 Dungeon Crawl Stone Soup version 0.18.1-48-g4cf74bf (webtiles) character file.

42 Alarkh the Charmwright (level 3, 0/27 HPs)
             Began as a Vampire Skald on July 18, 2016.
             Slain by a goblin
             ... wielding a +0 club
             ... led by Robin
              (7 damage)
             ... on level 1 of the Dungeon.
             The game lasted 00:03:16 (1580 turns).

Alarkh the Charmwright (Vampire Skald)              Turns: 1580, Time: 00:03:17

Health: 0/27       AC:  3    Str: 11    XL:     3   Next: 33%
Magic:  3/6        EV: 11    Int: 15    God:
Gold:   72         SH:  0    Dex: 13    Spells: 3 memorised, 0 levels left

rFire  . . .     SeeInvis +     a - +0 falchion
rCold  + + .     Gourm    .     b - +0 leather armour
rNeg   + + .     Faith    .     (no shield)
rPois  +         Spirit   .     (no helmet)
rElec  .         Dismiss  .     (no cloak)
rCorr  .         Reflect  .     (no gloves)
SustAt .         Harm     .     (no boots)
MR     .....                    (no amulet)
Stlth  +.........               (no ring)
                                g - ring of protection from cold

@: regenerating slowly, not resistant to hostile enchantments, very unstealthy
A: fangs 3, see invisible, unbreathing
a: Bat Form


You were on level 1 of the Dungeon.
You were very thirsty.

You visited 1 branch of the dungeon, and saw 2 of its levels.

You collected 72 gold pieces.

Inventory:

Hand Weapons
 a - a +0 falchion (weapon)
Armour
 b - a +0 leather armour (worn)
Jewellery
 g - a ring of protection from cold (left hand)
Scrolls
 f - a scroll of blinking {unknown}
 h - 2 scrolls of identify {unknown}
 j - a scroll of amnesia {unknown}
 l - a scroll of enchant armour {unknown}
Potions
 d - 8 potions of blood
 e - a potion of curing {unknown}
 i - a potion of flight {unknown}
 k - a potion of might {unknown}
 m - a potion of invisibility
Books
 c - a book of Battle

   Spells                             Type                      Level
   a - Infusion                       Charms                       1
   b - Shroud of Golubria             Charms/Translocation         2
   c - Song of Slaying                Charms                       2
   d - Spectral Weapon                Hexes/Charms                 3
   e - Regeneration                   Charms/Necromancy            3


   Skills:
 - Level 1.7 Fighting
 * Level 2.7 Long Blades
 - Level 0.7 Armour
 - Level 1.1 Dodging
 + Level 2.3 Spellcasting
 + Level 4.0 Charms


You couldn't memorise any spells.
You knew the following spells:

 Your Spells              Type           Power        Failure   Level  Hunger
a - Infusion              Chrm           ##..         6%          1    #......
b - Shroud of Golubria    Chrm/Tloc      #.........   21%         2    ###....
c - Regeneration          Chrm/Necr      #.........   38%         3    ###....


Dungeon Overview and Level Annotations

Branches:
Dungeon (2/15)

Altars:

Annotations:
D:2 Robin


Innate Abilities, Weirdness & Mutations

You heal slowly.
You have razor-sharp teeth.
You have supernaturally acute eyesight.
You can survive without breathing.


Message History

d - 8 potions of blood (gained 1)
You see here a goblin skeleton.
There is a stone staircase leading down here.
You climb downwards.
Level annotation: Robin Robin roars a battlecry!
The goblins go into a battle-frenzy!
Robin barely misses you. The goblin hits you but does no damage.
The kobold hits you.
Robin hits you from afar with a trident!
The goblin hits you but does no damage.
There is a stone staircase leading up here.
The kobold hits you but does no damage.
Robin hits you from afar with a trident!
* * * LOW HITPOINT WARNING * * *
You climb upwards.
There is a stone staircase leading down here.
Unknown command.
You closely miss the goblin. The goblin hits you with a club!
You die...

............#.##.#######.#
####...##.(.#.##.#.....#.#####
# #...##)..#..#.#...........#
####.)......##.#.#####.#.#...#
...).<......##.#.........#...#
............##.#)#####...#...#
..#######...##...#.......#...#
..# #...###g(#.####.(#...# ..#
#...# #K@#.#.........# ..#
#...# ####.....#.....#
..#######...# #....#.#..#.##
............# #.######..#.#
......^.....# #.#.......#.#
############# #.#.#####.#.#
#################.#.#.....#.#
.......................####.#
###################.#..##...#


You could see a goblin and a kobold.

Vanquished Creatures
  An ooze (D:1)
  A giant gecko (D:2)
  2 bats (D:1)
  A giant cockroach (D:1)
  10 goblins
  8 hobgoblins (D:1)
  A giant newt (D:1)
  3 kobolds
  4 rats
31 creatures vanquished.

Notes
Turn   | Place    | Note
--------------------------------------------------------------
     0 | D:1      | Alarkh the Vampire Skald began the quest for the Orb.
     0 | D:1      | Reached XP level 1. HP: 16/16 MP: 3/3
   462 | D:1      | Reached XP level 2. HP: 11/22 MP: 5/5
  1027 | D:2      | Reached XP level 3. HP: 13/27 MP: 3/6
  1061 | D:2      | Reached skill level 4 in Charms
  1121 | D:2      | Noticed Robin
  1376 | D:1      | Learned a level 2 spell: Shroud of Golubria
  1380 | D:1      | Learned a level 3 spell: Regeneration
  1580 | D:1      | Slain by a goblin

Skill      XL: |  1  2  3 |
---------------+----------+-----
Charms         | 4 |  4.0
Fighting       | |  1.7
Long Blades    | |  2.7
Armour         | |  0.7
Dodging        | |  1.1
Spellcasting   | |  2.3

Action                   || total
-------------------------++-------
Melee: Falchion          ||    90
       Bite              ||     8
 Cast: Infusion          ||    16
       Regeneration      ||     4
       Shroud of Golubri ||     1
 Abil: End Transformatio ||     1
       Bat Form          ||     1
  Use: Potion            ||     1
Armor: Leather armour    ||    27
Dodge: Dodged            ||    75
